 Dungeon Crawl Stone Soup version 0.30-a0-571-gdf30a72648 (webtiles) character file.

Game seed: 17609759306479487248

77 Newt the Chopper (level 4, -4/33 HPs)
             Began as a Demonspawn Gladiator on Dec 29, 2022.
             Slain by a gnoll
             ... wielding a +0 halberd of freezing
              (10 damage)
             ... on level 2 of the Dungeon.
             The game lasted 00:01:49 (1273 turns).

Newt the Chopper (Demonspawn Gladiator)             Turns: 1273, Time: 00:01:50

Health: -4/33      AC:  6    Str: 16    XL:     4   Next: 13%
Magic:  4/4        EV: 12    Int:  9    God:
Gold:   67         SH:  4    Dex: 15    Spells: 3/3 levels left

rFire   . . .      SeeInvis .    i - +3 hand axe
rCold   . . .      Faith    .    (no shield)
rNeg    . . .      Spirit   .    b - +0 leather armour
rPois   .          Reflect  .    c - +0 helmet
rElec   .          Harm     .    g - +0 cloak
rCorr   .          Rampage  .    (no gloves)
Will    .....                    (no boots)
Stlth   ++                       (no amulet)
HPRegen 0.25/turn                (no ring)
MPRegen 0.09/turn                (no ring)

@: no status effects
A: rugged brown scales 1, condensation shield
a: no special abilities


You were on level 2 of the Dungeon.
You visited 1 branch of the dungeon, and saw 2 of its levels.

You collected 132 gold pieces.
You spent 65 gold pieces at shops.

Inventory:

Hand Weapons
 a - a +0 rapier
 i - a +3 hand axe (weapon)
Missiles
 d - 3 throwing nets (quivered)
 e - a javelin
Armour
 b - a +0 leather armour (worn)
 c - a +0 helmet (worn)
 g - a +0 cloak (worn)
Jewellery
 f - a ring of see invisible
Scrolls
 h - a scroll of poison {unknown}
 j - a scroll of teleportation
 m - a scroll of fear {unknown}
 o - 2 scrolls of vulnerability {unknown}
Potions
 k - 2 potions of heal wounds
 l - a potion of brilliance
 n - 2 potions of mutation {unknown}


   Skills:
 - Level 2.0 Fighting
 - Level 2.6 Short Blades
 + Level 2.8 Axes
 - Level 1.7 Throwing
 - Level 2.6 Dodging
 - Level 2.0 Stealth


You had 3 spell levels left.
You didn't know any spells.
Your spell library contained the following spells:

 Spells                   Type           Power      Damage    Failure   Level
 Foxfire                  Conj/Fire      0%         2x1d4     45%         1
 Slow                     Hex            0%         N/A       45%         1
 Confusing Touch          Hex            0%         N/A       83%         3
 Vampiric Draining        Necr           0%         2d6       83%         3
 Vhi's Electric Charge    Tloc/Air       0%         N/A       83%         3
 Arcjolt                  Conj/Air       0%         1d10      100%        5
 Fireball                 Conj/Fire      0%         3d3       100%        5
 Starburst                Conj/Fire      0%         6d3       100%        6
 Borgnjor's Revivificati  Necr           0%         N/A       100%        8
 Maxwell's Capacitive Co  Air            0%         ∞         100%        8
 Necromutation            Tmut/Necr      0%         N/A       100%        8
 Death's Door             Necr           0%         N/A       100%        9


Dungeon Overview and Level Annotations

Branches:
Dungeon (2/15)

Altars:

Shops:
D:2 !


Innate Abilities, Weirdness & Mutations

You are partially covered in rugged brown scales. (AC +1, +3% HP)
A meltable shield of frost defends you. (SH +4)


Message History

There is an open door here.
You now have 56 gold pieces (gained 13).
You open the door.
There is an open door here.
You now have 67 gold pieces (gained 11).
f - a ring of see invisible A gnoll comes into view.
It is wielding a +0 club.
The gnoll shouts!
You hear a shout! x2
A gnoll comes into view.
It is wielding a +0 halberd of freezing.
There are monsters nearby!
You hit the gnoll but do no damage. The gnoll closely misses you.
You hit the gnoll.
The gnoll is moderately wounded.
You block the gnoll's attack.
The gnoll hits you from afar with a +0 halberd of freezing!
The gnoll freezes you.
You hit the gnoll but do no damage.
The gnoll is moderately wounded.
A goblin comes into view. It is wielding a +0 dagger of venom.
The gnoll barely misses you. The gnoll completely misses you.
The goblin shouts!
You slash the gnoll!
The gnoll is severely wounded.
The gnoll closely misses you. The gnoll barely misses you.
You slash the gnoll!
You kill the gnoll!
A gnoll comes into view. It is wielding a +0 whip.
The gnoll hits you but does no damage.
You have reached level 4!
You feel agile.
There is an open door here.
There is an open door here.
Okay, then.
You block the gnoll's attack.
You barely miss the gnoll.
The gnoll hits you with a +0 halberd of freezing!
The gnoll freezes you!
* * * LOW HITPOINT WARNING * * *
The gnoll hits you with a +0 halberd of freezing!
You die...

############## #
##.........[....#
#####..####.#######.#
......## #.## #.
.###.## ##.# .#
.###.# #.## ##.
..##.##### ##.# #.#
.........# #.###.#
.........# ##.#@##
...#####.# #..g# #...
.. ##g## ##.## #.
#...# #.# #.g.# #..
#.≈.# ##. #.≈g# #.≈.#
#..g#


You could see 2 gnolls and a goblin.

Vanquished Creatures
  4 gnolls (D:2)
  A dart slug (D:1)
  5 giant cockroaches
  A goblin (D:1)
  3 hobgoblins (D:1)
  4 jackals (D:1)
  A quokka (D:1)
  4 ball pythons
  5 bats
  4 frilled lizards
  A kobold (D:1)
  2 rats (D:1)
35 creatures vanquished.

Notes
Turn   | Place    | Note
-------+----------+-------------------------------------------
     0 | D:1      | Newt the Demonspawn Gladiator began the quest for the Orb.
     0 | D:1      | Reached XP level 1. HP: 16/16 MP: 1/1
   125 | D:1      | Reached skill level 1 in Stealth
   160 | D:1      | Gained mutation: A meltable shield of frost defends you.
                  | (SH +4) [demonic ancestry]
   160 | D:1      | Reached XP level 2. HP: 22/22 MP: 2/2
   267 | D:1      | Reached skill level 1 in Axes
   379 | D:1      | Gained mutation: You are partially covered in rugged brown
                  | scales. (AC +1, +3% HP) [demonic ancestry]
   379 | D:1      | Reached XP level 3. HP: 22/27 MP: 3/3
   903 | D:2      | Found Hitu Ysu's Distillery.
   908 | D:2      | Bought a potion of heal wounds for 65 gold pieces
  1240 | D:2      | Reached XP level 4. HP: 19/33 MP: 4/4
  1273 | D:2      | Slain by a gnoll

Illustrated notes

Levels and vault maps discovered:
D:1:      dpeg_arrival_arbitrary_b, layout_loops_ring
D:2:      layout_loops_cross, serial_shops, shop, grunt_decor_clamped

Skill      XL: |  1  2  3 |
---------------+----------+-----
Stealth        | 1 2 |  2.0
Axes           | 1 2 |  2.8
Fighting       | |  2.0
Short Blades   | |  2.6
Throwing       | |  1.7
Dodging        | |  2.6

Action                   |  1- 3 |  4- 6 || total
-------------------------+-------+-------++-------
Melee: Rapier            |    36 |       ||    36
       Hand axe          |    57 |     1 ||    58
  Use: Scroll            |     2 |       ||     2
 Stab: Sleeping          |     6 |       ||     6
Armor: Leather armour    |    34 |       ||    34
Dodge: Dodged            |    70 |       ||    70
Block: Other             |     5 |     1 ||     6

Table legend: (Time is in decaauts)
 A = Elapsed time spent in this place.
 B = Non-inter-level travel time spent in this place.
 C = Inter-level travel time spent in this place.
 D = Time resting spent in this place.
 E = Time spent auto-exploring this place.
 F = Levels seen in this place.
 G = Mean time per level.
                   A        B        C        D        E       F      G
               +--------+--------+--------+--------+--------+-----+--------+
         Total |   1287 |   1261 |     26 |      0 |    982 |   2 |  643.5 |
       Dungeon |   1287 |   1261 |     26 |      0 |    982 |   2 |  643.5 |
               +--------+--------+--------+--------+--------+-----+--------+

Top non-repeatable levels by time:
     D:1: 748 daAuts
     D:2: 538 daAuts
